AoeStats
← Zathao1993

Black Forest

511091825Analyzed
4v4 RM · 6h ago on Oct 3, 2026· 32m 37s· 8 players
Game mode
Random Map
Map size
Large (8 player)
Population
200
Speed
Normal
Resources
Standard
Victory
Conquest
Starting age
Dark Age
Ending age
Imperial Age
RankedLock teamsTeams togetherTeam positionsShared explorationLock speedFull tech treeHidden civsTurbo modeCheats
Victory
Defeat
🇧🇷 Saracens · Brazil
1337
+14
🇧🇷 Shu · Brazil
1296
+15
🇧🇷 Burmese · Brazil
1255
+17
🇧🇷 Ethiopians · Brazil
1193
+19
🇺🇾 Danes · Uruguay
1307
-18
🇸🇪 Teutons · Sweden
1305
-17
🇸🇬 Bohemians · Singapore
1299
-17
🇦🇷 Burgundians · Argentina
1201
-13
anirone7589
12:02 Feudal Age
15:45 Castle Age
14:13 Double-Bit Axe
14:13 Fishing Lines
16:48 Bow Saw
21:35 Gillnets
21:36 Loom
21:38 Town Watch
22:31 Fervor
22:13 Horse Collar
24:22 Sanctity
24:38 Wheelbarrow
26:41 Ballistics
Stuve
0:32 Loom
13:07 Feudal Age
ELTRAVERO
0:27 Loom
12:09 Feudal Age
10:40 Fishing Lines
11:15 Double-Bit Axe
12:43 Town Watch
La_Sophie
1:14 Loom
9:46 Feudal Age
10:14 Man-at-Arms
12:17 Double-Bit Axe
12:29 Arson
17:07 Fletching
Pikachu Pay
6:43 Loom
9:47 Feudal Age
10:04 Man-at-Arms
10:43 Arson
22:13 Wheelbarrow
24:35 Castle Age
23:05 Horse Collar
23:19 Gold Mining
24:33 Forging
24:24 Scale Mail Armor
24:56 Long Swordsman
25:22 Gambesons
25:38 Squires
26:22 Iron Casting
26:35 Gold Shaft Mining
26:03 Heavy Plow
27:13 Chain Mail Armor
Zathao1993
6:46 Loom
10:09 Feudal Age
16:40 Fletching
24:32 Padded Archer Armor
27:50 Castle Age
27:55 Crossbowman
28:41 Thumb Ring
HeriN~'#*
9:07 Feudal Age
9:38 Double-Bit Axe
9:56 Horse Collar
15:21 Castle Age
14:51 Gold Mining
17:03 Bow Saw
22:59 Wheelbarrow
25:03 Hand Cart
28:59 Loom
TROVÃO DO OESTE
8:21 Loom
10:45 Feudal Age
12:00 Double-Bit Axe
17:25 Fletching
18:42 Horse Collar
24:31 Castle Age
22:55 Gold Mining
24:47 Wheelbarrow
24:31 Crossbowman
25:35 Bodkin Arrow
26:51 Thumb Ring
29:04 Hand Cart
29:51 Padded Archer Armor
29:53 Heavy Plow
30:05 Bow Saw
31:36 Ballistics
32:17 Town Watch
33:46 Gold Shaft Mining
33:01 Stone Mining
33:25 Masonry
33:12 Murder Holes
Connection lost

Rejoining the realm…

Still unreachable

The connection could not be restored.

Session expired

The server has moved on; the page needs a fresh start.